 Dungeon Crawl Stone Soup version 0.27.0-1-g7a089689b8 (webtiles) character file.

Game seed: 18093786376473147449

577 quinnr the Sneak (level 7, 0/67 HPs)
             Began as an Octopode Venom Mage on Aug 14, 2021.
             Was a Priest of Yredelemnul.
             Slain by a gnoll (2 damage)
             ... on level 4 of the Dungeon.
             The game lasted 00:16:01 (6591 turns).

quinnr the Sneak (Octopode Venom Mage)              Turns: 6591, Time: 00:16:02

Health: 0/67       AC: 23    Str:  7 (8)  XL:     7   Next: 35%
Magic:  0/13       EV:  2    Int: 18 (19) God:    Yredelemnul [***...]
Gold:   149        SH:  0    Dex: 11 (12) Spells: 4/14 levels left

rFire    . . .     SeeInvis .   g - +2 dagger (speed)
rCold    . . .     Faith    .   (no shield)
rNeg     + + +     Spirit   .   (helmet currently unavailable)
rPois    +         Reflect  .   (no amulet)
rElec    .         Harm     .   e - ring of positive energy
rCorr    .         Rampage  .   (no ring)
Will     .....     NoTele   +   (no ring)
Stlth    +++.......             (no ring)
HPRegen  0.21/turn              (no ring)
MPRegen  0.13/turn              (no ring)
                                (no ring)
                                (no ring)

@: brilliant, lethally poisoned (0 -> -1), tree-form
A: stationary, stasis, torment immunity, boosted hp, almost no armour,
(amphibious), 8 rings, (camouflage 1), (gelatinous body 1), (nimble swimmer 1),
(tentacles)
a: Renounce Religion, Recall Undead Slaves, Injury Mirror, Animate Dead


You were on level 4 of the Dungeon.
You worshipped Yredelemnul.
Yredelemnul was most pleased with you.
You were a tree.
You visited 1 branch of the dungeon, and saw 4 of its levels.
You also visited: Ossuary.

You collected 149 gold pieces.

Inventory:

Hand Weapons
 g - a +2 dagger of speed (weapon)
Missiles
 b - a throwing net
 c - 10 boomerangs (quivered)
 d - 3 atropa-tipped darts
Jewellery
 e - a ring of positive energy (left branch)
Scrolls
 a - a scroll of enchant armour
 h - 3 scrolls of teleportation {unknown}
Potions
 f - a potion of lignification


   Skills:
 - Level 2.0 Fighting
 + Level 3.7 Dodging
 - Level 5.0 Stealth
 - Level 4.0 Spellcasting
 - Level 1.0 Transmutations
 + Level 3.6 Air Magic
 - Level 4.1 Poison Magic


You had 4 spell levels left.
You knew the following spells:

 Your Spells              Type           Power      Damage    Failure   Level
a - Sting                 Tmut/Pois      76%        1d6       4%          1
b - Poisonous Vapours     Pois/Air       52%        N/A       4%          2
c - Mephitic Cloud        Conj/Pois/Air  19%        N/A       16%         3
d - Olgreb's Toxic Radia  Pois           28%        N/A       26%         4

Your spell library contained the following spells:

 Spells                   Type           Power      Damage    Failure   Level
 Static Discharge         Conj/Air       15%        N/A       11%         2
 Sandblast                Erth           10%        2d5       14%         1
 Passwall                 Tmut/Erth      6%         N/A       19%         2
 Ozocubu's Armour         Ice            5%         N/A       41%         3
 Lightning Bolt           Conj/Air       7%         1d20      89%         5
 Lee's Rapid Deconstruct  Erth           2%         3d6*      99%         5
 Ozocubu's Refrigeration  Ice            2%         4d5       100%        7
 Maxwell's Capacitive Co  Air            12%        ∞         100%        8


Dungeon Overview and Level Annotations

Branches:
Dungeon (4/15)            Ossuary (visited)
 Temple: D:4-7

Altars:
Yredelemnul


Innate Abilities, Weirdness & Mutations

You are a tree.
Your roots penetrate the ground, keeping you stationary.
You cannot be teleported.
You are immune to unholy pain and torment.
Your maximum health is greatly increased.
You cannot wear most types of armour.
((You are amphibious.))
You can wear up to eight rings at the same time.
((Your skin changes colour to match your surroundings (Stealth+).))
((Your rubbery body absorbs attacks. (AC +1, EV +1)))
((You are camouflaged near water. (Stealth+)))
((You have tentacles for arms and can constrict up to eight enemies at once.))


Message History

The gnoll hits you but does no damage.
Unknown command.
Casting: Poisonous Vapours (safe; 4% risk of failure)
Confirm with . or Enter, or press ? or * to list all spells.
Aiming: Sting (safe; 4% risk of failure)
Press: ? - help, Shift-Dir - straight line, f/p - gnoll
Aim: a gnoll, wielding a +0 spear (moderately wounded, poisoned, 75% to hit)
Okay, then.
It was a potion of brilliance.
You feel clever all of a sudden.
You feel sick.
The gnoll hits you from afar with a +0 spear.
* * * LOW HITPOINT WARNING * * *
Unknown command.
It was a potion of degeneration.
There was something very wrong with that liquid.
You feel weakened.
You feel dopey.
You feel clumsy.
You feel sick. The gnoll hits you but does no damage.
You aren't carrying any items that you can evoke.
Casting: Sting (safe; 4% risk of failure)
Confirm with . or Enter, or press ? or * to list all spells.
Aiming: Sting (safe; 4% risk of failure)
Press: ? - help, Shift-Dir - straight line, f/p - gnoll
Aim: a gnoll, wielding a +0 spear (moderately wounded, poisoned, 77% to hit)
You feel a surge of power!
The sting hits the gnoll.
The gnoll looks even sicker.
The gnoll is heavily wounded.
You feel sick. The gnoll hits you but does no damage.
Unknown command.
Okay, then.
Okay, then.
Throw: 10 boomerangs
Press: ? - help, Q - select action, (/) - cycle Shift-Dir - straight line, f/p - gnoll
Aim: a gnoll, wielding a +0 spear (heavily wounded, very poisoned, 60% to hit)
You throw a boomerang. The boomerang hits the gnoll.
The gnoll is almost dead.
You feel sick.
The gnoll hits you from afar with a +0 spear.
You die...
Your body rises from the dead as a mindless zombie.

#...#..... #........
#........ ##.....[..
### ##......... #.##
###..........
##.######............
##).(...............
#.♣.g.............. ###
#..................
#.###..................
##...####.........###..
##.## ####....### #..
#.#### #....## ##..
##....####....## ##.n#
#......##......###...#
##.............#..o..#


You could see a gnoll (very poisoned).

Vanquished Creatures
  A necrophage (D:4)
  A gnoll sergeant (D:4)
  5 orc priests
  An iguana (D:3)
  Natasha (twice) (D:4)
  2 orc wizards (D:4)
  3 gnolls (D:4)
  4 adders
  An adder skeleton (D:4)
  3 worms
  A dart slug (D:4)
  7 orcs
  4 bats
  8 endoplasms
  5 giant cockroaches
  8 goblins
  4 hobgoblins
  8 jackals
  8 kobolds
  A quokka (D:1)
  7 ball pythons
  2 frilled lizards
  5 rats
91 creatures vanquished.

Notes
Turn   | Place    | Note
-------+----------+-------------------------------------------
     0 | D:1      | quinnr the Octopode Venom Mage began the quest for the Orb.
     0 | D:1      | Reached XP level 1. HP: 11/11 MP: 3/3
   124 | D:1      | Found a faded altar of an unknown god.
   497 | D:1      | Reached XP level 2. HP: 17/17 MP: 3/5
   530 | D:1      | Became a worshipper of Yredelemnul the Dark
   530 | D:1      | Reached * piety under Yredelemnul
   762 | D:1      | Learned a level 2 spell: Poisonous Vapours
  1220 | D:1      | Reached XP level 3. HP: 21/21 MP: 4/6
  1674 | D:1      | Reached skill level 1 in Air Magic
  1758 | D:2      | Reached ** piety under Yredelemnul
  2631 | D:3      | Reached skill level 1 in Fighting
  2631 | D:3      | Reached XP level 4. HP: 28/28 MP: 2/8
  2833 | D:3      | You fall into a shaft and drop 1 floor!
  2983 | D:4      | Found a sand-covered staircase.
  2990 | Ossuary  | Entered an ossuary
  3232 | D:4      | Learned a level 3 spell: Mephitic Cloud
  3672 | D:4      | Reached skill level 3 in Stealth
  3757 | D:4      | Noticed a gnoll sergeant
  4058 | D:3      | Reached XP level 5. HP: 33/33 MP: 2/9
  4925 | D:4      | Noticed Natasha
  4932 | D:4      | Killed Natasha
  5088 | D:4      | Reached *** piety under Yredelemnul
  5100 | D:4      | Noticed a necrophage
  5112 | D:4      | Reached XP level 6. HP: 30/39 MP: 1/11
  5273 | D:4      | Noticed Natasha
  5283 | D:4      | Killed Natasha
  5284 | D:4      | Reached skill level 4 in Stealth
  5717 | D:4      | HP: 3/39 [orc wizard/puff of flame (13)]
  6049 | D:4      | Learned a level 4 spell: Olgreb's Toxic Radiance
  6150 | D:4      | Killed a necrophage
  6151 | D:4      | Reached XP level 7. HP: 32/45 MP: 12/12
  6494 | D:4      | Reached skill level 5 in Stealth
  6588 | D:4      | HP: 5/67 [gnoll (4)]
  6591 | D:4      | HP: 2/67 [poisoned by a gnoll sergeant]
  6591 | D:4      | Slain by a gnoll

Illustrated notes

Levels and vault maps discovered:
D:1:      dpeg_arrival_arbitrary_c, layout_basic, ebering_ecumenical_altar_hall
D:2:      layout_basic, serial_bayou_pond_c, st_stairs_7
D:3:      layout_loops_cross
D:4:      layout_layer_cave, nicolae_ossuary_entry_monument, uniq_natasha

Skill      XL: |  1  2  3  4  5  6  7 |
---------------+----------------------+-----
Poison Magic   | 4 |  4.1
Air Magic      | 1 2 3 |  3.6
Fighting       | 1 2 |  2.0
Spellcasting   | 3 4 |  4.0
Stealth        | 3 4 5 |  5.0
Dodging        | 3 |  3.7
Transmutations | |  1.0

Action                   |  1- 3 |  4- 6 |  7- 9 || total
-------------------------+-------+-------+-------++-------
Melee: Unarmed           |    26 |     1 |       ||    27
       Tentacles         |     3 |    12 |     6 ||    21
       Constrict         |     5 |    13 |     4 ||    22
       Dagger            |       |    59 |    19 ||    78
Throw: Dart              |       |     2 |       ||     2
       Boomerang         |       |       |     1 ||     1
 Cast: Sting             |    58 |    46 |     7 ||   111
       Poisonous Vapours |     9 |    51 |    12 ||    72
       Mephitic Cloud    |       |     4 |     2 ||     6
  Use: Scroll            |     1 |     5 |       ||     6
       Potion            |       |       |     3 ||     3
 Stab: Sleeping          |       |     1 |       ||     1
       Confused          |       |     1 |     1 ||     2
Armor: Skin              |     6 |     1 |     4 ||    11
Dodge: Dodged            |    18 |    26 |     9 ||    53
